 Dungeon Crawl Stone Soup version 0.31-a0-986-g5e6e4ef867 (webtiles) character file.

Game seed: 3537847697471652227

581 chakani the Chopper (level 7, -4/52 HPs)
             Began as a Formicid Fighter on Nov 10, 2023.
             Was a High Priest of Zin.
             Succumbed to a water moccasin's poison
             ... on level 5 of the Dungeon.
             The game lasted 00:03:15 (3440 turns).

chakani the Chopper (Formicid Fighter)              Turns: 3440, Time: 00:03:15

Health: -4/52      AC:  9    Str: 22    XL:     7   Next: 63%
Magic:  7/7        EV:  8    Int:  8    God:    Zin [*****.]
Gold:   352        SH:  5    Dex: 13    Spells: 6/6 levels left

rFire   + . .        a - +0 war axe
rCold   . . .        c - +0 buckler
rNeg    . . .        m - +0 chain mail
rPois   .            (helmet unavailable)
rElec   .            (no cloak)
rCorr   .            (no gloves)
SInv    +            (no boots)
Will    .....        (no amulet) Stlth
                     w - ring of protection from fire
HPRegen 0.28/turn    (no ring)
MPRegen 0.10/turn

%: no passive effects
@: lethally poisoned (-4 -> -33)
A: permanent stasis, dig shafts and tunnels, antennae 3, four strong arms
a: Dig, Shaft Self, Renounce Religion, Recite, Vitalisation, Imprison,
Sanctuary, Donate Gold


You were on level 5 of the Dungeon.
You worshipped Zin.
Zin was extremely pleased with you.
You visited 1 branch of the dungeon, and saw 5 of its levels.

You collected 391 gold pieces.
You donated 39 gold pieces to Zin.

Inventory:

Hand Weapons
 a - a +0 war axe (weapon)
Armour
 b - a +0 scale mail
 c - a +0 buckler (worn)
 m - a +0 chain mail (worn)
Jewellery
 s - a ring of magical power
 w - a ring of protection from fire (left hand)
Wands
 x - a wand of digging (7)
Scrolls
 e - 5 scrolls of identify {unknown}
 g - a scroll of noise {unknown}
 i - 4 scrolls of teleportation {unknown}
 n - a scroll of poison {unknown}
 p - 2 scrolls of enchant armour {unknown}
 q - a scroll of blinking {unknown}
 r - a scroll of revelation {unknown}
 u - a scroll of enchant weapon {unknown}
 v - a scroll of fear {unknown}
 y - a scroll of vulnerability {unknown}
Potions
 d - 2 potions of might
 f - 2 potions of haste {unknown}
 h - 2 potions of lignification {unknown}
 j - 2 potions of resistance {unknown}
 k - 3 potions of curing {unknown}
 l - a potion of heal wounds {unknown}
 o - 2 potions of brilliance {unknown}
 t - a potion of enlightenment {unknown}


   Skills:
 - Level 3.6 Fighting
 + Level 7.6 Axes
 - Level 3.6 Armour
 - Level 4.3 Shields


You had 6 spell levels left.
You didn't know any spells.
Your spell library contained the following spells:

 Spells                   Type           Power      Damage    Failure   Level
 Magic Dart               Conj           0%         1d3       98%         1
 Call Imp                 Summ           0%         N/A       99%         2
 Mephitic Cloud           Conj/Pois/Air  0%         N/A       100%        3
 Summon Forest            Summ/Tloc      0%         N/A       100%        5
 Eringya's Noxious Bog    Tmut/Pois      0%         4d6       100%        6
 Summon Hydra             Summ           0%         N/A       100%        7


Dungeon Overview and Level Annotations

Branches:
Dungeon (5/15)
 Temple: D:4-7

Altars:
Ashenzari
Zin

Shops:
D:1 (   D:3 :   D:4 (


Innate Abilities, Weirdness & Mutations

You cannot be hasted, slowed, berserked, paralysed or teleported.
You can dig through walls and to a lower floor.
You have a pair of large antennae on your head. (SInv)
Your four strong arms can wield two-handed weapons with a shield.


Message History

You miss the water moccasin.
The water moccasin is lightly wounded.
You feel very sick.
The water moccasin bites you but does no damage.
You block the water moccasin's attack.
You hit the water moccasin.
The water moccasin is moderately wounded.
You feel very sick. The water moccasin bites you.
You closely miss the water moccasin.
The water moccasin is moderately wounded.
You feel sick. The water moccasin bites you.
You are more poisoned.
The water moccasin poisons you! The water moccasin bites you.
You slash the water moccasin!
The water moccasin is severely wounded.
You feel very sick.
The water moccasin bites you but does no damage.
You barely miss the water moccasin.
The water moccasin is severely wounded.
You feel very sick. The water moccasin bites you. x2
You are lethally poisoned!
The water moccasin poisons you!
You closely miss the water moccasin.
The water moccasin is severely wounded.
* * * LOW HITPOINT WARNING * * *
You feel extremely sick. The water moccasin barely misses you.
The water moccasin bites you.
* * * LOW HITPOINT WARNING * * *
You are more poisoned.
The water moccasin poisons you!
You closely miss the water moccasin.
The water moccasin is severely wounded.
* * * LOW HITPOINT WARNING * * *
You feel extremely sick.
The water moccasin completely misses you.
You miss the water moccasin.
The water moccasin is severely wounded.
You die...

.#### ##.#######
.# ##.##.# ... .#
#...#.# .. .#
#.⌠.#.# .. .#
#...#.# ###. .#
##<##.# #.. .#
####.# #.# .#
########.####S#
.###............@#
.##.###.###.######
....# #.....# {
.##.###.#######
.......<.......
...............
.####.######### .#
#.# .# #.#


You could see a water moccasin.

Vanquished Creatures
  Grinder (D:4)
  A black bear (D:4)
  A hound (D:5)
  A sleepcap (D:5)
  An iguana (D:5)
  An orc wizard (D:4)
  9 adders
  3 worms
  14 orcs
  13 bats
  10 endoplasms
  3 giant cockroaches
  7 goblins
  5 hobgoblins
  2 quokkas
  2 ball pythons
  3 frilled lizards
  7 kobolds
  6 rats
90 creatures vanquished.

Notes
Turn   | Place    | Note
-------+----------+-------------------------------------------
     0 | D:1      | chakani the Formicid Fighter began the quest for the Orb.
     0 | D:1      | Reached XP level 1. HP: 18/18 MP: 1/1
    85 | D:1      | Found a faded altar of an unknown god.
   127 | D:1      | Prayed at the altar of an unknown god.
   127 | D:1      | Became a worshipper of Zin the Law-Giver
   127 | D:1      | Reached * piety under Zin
   176 | D:1      | Reached XP level 2. HP: 24/24 MP: 2/2
   264 | D:1      | Reached ** piety under Zin
   368 | D:1      | Found Ytaas's Weapon Boutique.
   373 | D:1      | Reached XP level 3. HP: 28/28 MP: 3/3
   709 | D:2      | Reached skill level 3 in Axes
   826 | D:2      | Reached XP level 4. HP: 35/36 MP: 4/4
  1203 | D:2      | Reached *** piety under Zin
  1487 | D:3      | Reached skill level 4 in Axes
  1735 | D:3      | Reached XP level 5. HP: 41/41 MP: 5/5
  2080 | D:3      | Found Ronuwiuse's Book Shop.
  2303 | D:4      | Noticed Grinder
  2316 | D:4      | Killed Grinder
  2317 | D:4      | Reached skill level 6 in Axes
  2317 | D:4      | Reached XP level 6. HP: 19/47 MP: 6/6
  2436 | D:4      | Reached XP level 7. HP: 46/52 MP: 7/7
  2476 | D:4      | Found Lutudacu's Vocational Training.
  2521 | D:4      | Reached **** piety under Zin
  2568 | D:4      | Reached skill level 7 in Axes
  2682 | D:4      | Found a broken altar of Ashenzari.
  2789 | D:4      | Found Fuxtaqog's Weapon Shop.
  2980 | D:4      | Reached ***** piety under Zin
  3020 | D:5      | Entered Level 5 of the Dungeon
  3426 | D:5      | Noticed a water moccasin
  3440 | D:5      | Succumbed to a water moccasin's poison

Illustrated notes

Levels and vault maps discovered:
D:1:      sevenhm_arrival_forest_fort_small_3, layout_rooms, serial_shops, shop,
          ebering_ecumenical_altar_hall
D:2:      layout_basic, serial_curves, eino_curves_03, eino_curves_04,
          corexii_shack, minivault_26, grunt_decor_arrowhead, minivault_26
D:3:      layout_rooms, serial_forest, infiniplex_forest_lined_ring,
          infiniplex_forest_straight_4, infiniplex_forest_split,
          infiniplex_forest_pool, infiniplex_forest_end_3,
          infiniplex_forest_straight_2, serial_shops,
          nicolae_book_shop_shelving, grunt_decor_junction,
          roderic_serpentine_path, minmay_randomly_rotated_circles
D:4:      layout_gridville, nicolae_ashenzari_skybound, serial_shops,
          nicolae_shop_pleasant_corner_grove, nicolae_shop_vocational,
          uniq_grinder
D:5:      layout_loops_ring, serial_shops, shop_fountains,
          minmay_gold_behind_fungi, grunt_ministairs_5

Skill      XL: |  1  2  3  4  5  6  7 |
---------------+----------------------+-----
Axes           | 3 4 6 7 |  7.6
Fighting       | |  3.6
Armour         | |  3.6
Shields        | |  4.3

Action                     |  1- 3 |  4- 6 |  7- 9 || total
---------------------------+-------+-------+-------++-------
  Melee: War axe           |    90 |   116 |    84 ||   290
 Invoke: Recite            |       |     1 |       ||     1
Ability: Dig               |     2 |       |       ||     2
 Armour: Scale mail        |    76 |       |       ||    76
         Chain mail        |       |    85 |    70 ||   155
  Dodge: Dodged            |    48 |    58 |    30 ||   136
  Block: Buckler           |    34 |    25 |    23 ||    82

Table legend: (Time is in decaauts)
 A = Elapsed time spent in this place.
 B = Non-inter-level travel time spent in this place.
 C = Inter-level travel time spent in this place.
 D = Time resting spent in this place.
 E = Time spent auto-exploring this place.
 F = Levels seen in this place.
 G = Mean time per level.
                   A        B        C        D        E       F      G
               +--------+--------+--------+--------+--------+-----+--------+
         Total |   3528 |   3454 |     74 |    160 |   2589 |   5 |  705.6 |
       Dungeon |   3528 |   3454 |     74 |    160 |   2589 |   5 |  705.6 |
               +--------+--------+--------+--------+--------+-----+--------+

Top non-repeatable levels by time:
     D:3: 1046 daAuts
     D:2: 792 daAuts
     D:1: 636 daAuts
     D:4: 627 daAuts
     D:5: 426 daAuts
